 Dungeon Crawl Stone Soup version 0.30-a0-777-ga9a30cbeda (webtiles) character file.

Game seed: 47483415699134520

967 Dartaoz the Cleaver (level 8, 0/68 HPs)
             Began as a Hill Orc Fighter on Feb 14, 2023.
             Was an Initiate of Hepliaklqana.
             Slain by Duvessa
             ... wielding a +0 rapier
              (10 damage)
             ... on level 5 of the Dungeon.
             The game lasted 00:09:27 (4331 turns).

Dartaoz the Cleaver (Hill Orc Fighter)              Turns: 4331, Time: 00:09:28

Health: 0/68       AC: 13    Str: 21    XL:     8   Next: 15%
Magic:  8/8        EV:  6    Int:  8    God:    Hepliaklqana [......]
Gold:   231        SH:  4    Dex: 10    Spells: 7/7 levels left

rFire   . . .      SeeInvis .    a - +0 war axe
rCold   . . .      Faith    .    c - +0 buckler
rNeg    . . .      Spirit   .    u - +0 plate armour
rPois   .          Reflect  .    (no helmet)
rElec   .          Harm     .    (no cloak)
rCorr   .          Rampage  .    (no gloves)
Will    .....                    p - +0 pair of boots Stlth
                                 (no amulet)
HPRegen 0.31/turn                (no ring)
MPRegen 0.11/turn                (no ring)

@: very slow
A: no striking features
a: Renounce Religion


You were on level 5 of the Dungeon.
You worshipped Hepliaklqana.
Hepliaklqana was noncommittal.
You visited 2 branches of the dungeon, and saw 6 of its levels.

You collected 231 gold pieces.

Inventory:

Hand Weapons
 a - a +0 war axe (weapon)
Armour
 b - a +0 scale mail
 c - a +0 buckler (worn)
 p - a +0 pair of boots (worn)
 u - a +0 plate armour (worn)
Jewellery
 m - a +6 ring of dexterity
 v - a ring of fire
Wands
 f - a wand of acid (6)
 r - a wand of roots (10)
Scrolls
 e - 3 scrolls of teleportation
 g - 2 scrolls of immolation
 i - a scroll of identify
 k - a scroll of fear {unknown}
 l - a scroll of amnesia {unknown}
 n - 3 scrolls of magic mapping {unknown}
 q - a scroll of poison {unknown}
 t - a scroll of noise {unknown}
Potions
 d - a potion of might
 h - a potion of invisibility
 j - a potion of mutation
 o - 2 potions of brilliance
 s - a potion of berserk rage


   Skills:
 + Level 5.3 Fighting
 + Level 9.9 Axes
 + Level 4.7 Armour
 + Level 4.7 Shields


You had 7 spell levels left.
You didn't know any spells.
Your spell library contained the following spells:

 Spells                   Type           Power      Damage    Failure   Level
 Scorch                   Fire           0%         2d5       100%        2
 Ignite Poison            Fire/Tmut/Pois 0%         N/A       100%        3
 Flame Wave               Conj/Fire      0%         2d4       100%        4
 Sticky Flame             Conj/Fire      0%         2d3       100%        4
 Summon Cactus Giant      Summ           0%         N/A       100%        6
 Ignition                 Fire           0%         3d3       100%        8


Dungeon Overview and Level Annotations

Branches:
Dungeon (5/15)             Temple (1/1) D:4

Altars:
Cheibriados
Dithmenos
Elyvilon
Gozag
Hepliaklqana
Kikubaaqudgha
Okawaru
Sif Muna
Uskayaw
Wu Jian
Zin
The Shining One

Shops:
D:1 =   D:2 [   D:4 (

Annotations:
D:5 Duvessa


Message History

Your unstable footing causes you to fumble your attack.
Dowan hits you but does no damage.
You hit Dowan.
Dowan is lightly wounded.
You barely miss Duvessa. You hit the plant.
Dowan splashes around in the water.
Duvessa hits you but does no damage.
You slash Dowan!
Dowan is almost dead.
You hit the plant. You closely miss Duvessa. You block Duvessa's attack.
Dowan hits you with a +0 dagger.
You slash Dowan!
You kill Dowan!
Duvessa weeps, and shakes her weapon.
Duvessa goes berserk!
You hear a splash. x2
You hit the plant. You hit Duvessa.
A nearby plant withers and dies.
Duvessa hits you with a +0 rapier! Duvessa barely misses you.
Your unstable footing causes you to fumble your attack.
Duvessa hits you but does no damage.
You hit Duvessa.
Duvessa is lightly wounded.
Duvessa hits you with a +0 rapier! Duvessa hits you but does no damage.
You barely miss Duvessa.
Duvessa is lightly wounded.
You block Duvessa's attack.
Your unstable footing causes you to fumble your attack.
Duvessa hits you but does no damage. Duvessa completely misses you.
You slash Duvessa!
Duvessa is moderately wounded.
Duvessa hits you with a +0 rapier! Duvessa hits you with a +0 rapier.
You barely miss Duvessa.
Duvessa is moderately wounded.
Duvessa hits you with a +0 rapier!
* * * LOW HITPOINT WARNING * * *
You barely miss Duvessa.
Duvessa is moderately wounded.
Duvessa hits you with a +0 rapier.
* * * LOW HITPOINT WARNING * * *
Duvessa hits you with a +0 rapier!
You die... .....# PPP~

###### P~P~~~
PP~~≈≈ #~P♣≈♣
.P~≈~♣ ##P~~≈♣
##########.P≈♣
#........e.~♣
#.######.#@~♣
#.#
#.#~)≈~~...
#.#
#.#~P~~..##
#.# #e#P♣~..##
#.# #.#P~~P.#
#.# #..P~.P...
######)# ##..P
####.
##......# ....
...######


You could see Duvessa (berserk).

Vanquished Creatures
  A water moccasin (D:5)
  A black bear (D:5)
  A necrophage (D:5)
  3 scorpions
  Dowan (D:5)
  An orc priest (D:4)
  A hound (D:5)
  2 jellies
  An iguana (D:5)
  Jessica (D:3)
  2 gnoll boudas (D:5)
  Ijyb (D:5)
  Terence (D:3)
  7 gnolls (D:5)
  5 adders
  3 worms
  3 dart slugs
  10 orcs
  3 bats
  4 endoplasms
  2 giant cockroaches
  5 goblins
  11 hobgoblins
  5 jackals
  A quokka (D:2)
  12 ball pythons
  5 kobolds
  7 rats
100 creatures vanquished.

Vanquished Creatures (others)
  5 plants (D:5)
5 creatures vanquished.

Grand Total: 105 creatures vanquished

Notes
Turn   | Place    | Note
-------+----------+-------------------------------------------
     0 | D:1      | Dartaoz the Hill Orc Fighter began the quest for the Orb.
     0 | D:1      | Reached XP level 1. HP: 19/19 MP: 1/1
    55 | D:1      | Found Munna's Jewellery Shoppe.
    80 | D:1      | Reached skill level 3 in Axes
   166 | D:1      | Reached XP level 2. HP: 26/26 MP: 2/2
   229 | D:1      | Reached skill level 4 in Axes
   516 | D:1      | Reached XP level 3. HP: 24/31 MP: 3/3
   666 | D:2      | Found Tutuhept's Antique Armour Emporium.
   764 | D:2      | Reached skill level 5 in Axes
  1124 | D:2      | Reached XP level 4. HP: 39/39 MP: 4/4
  1455 | D:3      | Found a faded altar of an unknown god.
  1466 | D:3      | Found a glowing golden altar of the Shining One.
  1510 | D:3      | Noticed Terence
  1514 | D:3      | Killed Terence
  1515 | D:3      | Reached skill level 6 in Axes
  2061 | D:3      | Noticed Jessica
  2066 | D:3      | Killed Jessica
  2067 | D:3      | Reached skill level 7 in Axes
  2067 | D:3      | Reached XP level 5. HP: 45/45 MP: 5/5
  2355 | D:4      | Reached skill level 8 in Axes
  2355 | D:4      | Reached XP level 6. HP: 38/51 MP: 6/6
  2542 | D:4      | Found a staircase to the Ecumenical Temple.
  2556 | Temple   | Entered the Ecumenical Temple
  2595 | Temple   | Became a worshipper of Hepliaklqana the Forgotten
  2845 | D:4      | Found Vuhutty's Antique Weapon Boutique.
  3034 | D:4      | Reached skill level 9 in Axes
  3200 | D:5      | Entered Level 5 of the Dungeon
  3272 | D:5      | Reached XP level 7. HP: 8/59 MP: 7/7
  3469 | D:5      | Noticed Ijyb
  3490 | D:5      | Killed Ijyb
  3652 | D:5      | Identified the +4 long sword "Qiumecuz" {heavy, Stlth+}
  3671 | D:5      | Found an ancient bone altar of Kikubaaqudgha.
  3916 | D:5      | Identified the +5 trident of Feud {antimagic, rF++ rN+
                  | Str-4 Int+3}
  4003 | D:5      | Reached skill level 5 in Fighting
  4003 | D:5      | Reached XP level 8. HP: 63/68 MP: 8/8
  4311 | D:5      | Noticed Duvessa
  4312 | D:5      | Noticed Dowan
  4324 | D:5      | Killed Dowan
  4331 | D:5      | Slain by Duvessa

Illustrated notes

Levels and vault maps discovered:
D:1:      ebering_hopf_link, layout_basic, serial_shops, shop,
          minmay_misc_feat_columns, minmay_misc_feat_rows
D:2:      layout_basic, serial_shops, shop, corner_web_ring
D:3:      layout_loops_ring, tso_metal_star, ebering_ecumenical_altar_hall,
          kennysheep_generic_room_13, uniq_jessica, uniq_terence
D:4:      minmay_diamond_boxcup, layout_basic, minmay_temple_entry_junction_2,
          serial_shops, nicolae_shop_window_shopping, kennysheep_generic_room_6
D:5:      layout_loops_ring, mainiacjoe_overflow_brackets,
          serial_bayou_lagoon_a, uniq_duvessa, uniq_ijyb
Temple:   nicolae_temple_ecumenical_triangle

Skill      XL: |  1  2  3  4  5  6  7 |
---------------+----------------------+-----
Axes           | 3 4 5 7 8 9 |  9.9
Fighting       | 4 5 |  5.3
Armour         | 4 |  4.7
Shields        | 4 |  4.7

Action                     |  1- 3 |  4- 6 |  7- 9 || total
---------------------------+-------+-------+-------++-------
  Melee: War axe           |   115 |   161 |    96 ||   372
    Use: Potion            |       |     1 |     2 ||     3
         Scroll            |       |       |     6 ||     6
 Armour: Scale mail        |    44 |    34 |       ||    78
         Plate armour      |       |    20 |    59 ||    79
  Dodge: Dodged            |    51 |    65 |    27 ||   143
  Block: Buckler           |    21 |    38 |    18 ||    77

Table legend: (Time is in decaauts)
 A = Elapsed time spent in this place.
 B = Non-inter-level travel time spent in this place.
 C = Inter-level travel time spent in this place.
 D = Time resting spent in this place.
 E = Time spent auto-exploring this place.
 F = Levels seen in this place.
 G = Mean time per level.
                   A        B        C        D        E       F      G
               +--------+--------+--------+--------+--------+-----+--------+
         Total |   4401 |   4325 |     76 |      0 |   3524 |   6 |  733.5 |
       Dungeon |   4354 |   4278 |     76 |      0 |   3493 |   5 |  870.8 |
        Temple |     46 |     46 |      0 |      0 |     31 |   1 |   46.0 |
               +--------+--------+--------+--------+--------+-----+--------+

Top non-repeatable levels by time:
     D:5: 1141 daAuts
     D:4: 994 daAuts
     D:3: 795 daAuts
     D:2: 734 daAuts
     D:1: 689 daAuts
  Temple: 46 daAuts
